 Dungeon Crawl Stone Soup version 0.29.1-13-g9f3cf754e1 (webtiles) character file.

Game seed: 15196897909587362967

395 GigaChad the Chopper (level 6, -2/46 (47) HPs)
             Began as a Minotaur Fighter on Jan 19, 2023.
             Was a Follower of Hepliaklqana.
             Slain by a gnoll
             ... wielding a +2 spear of venom
              (3 damage)
             ... on level 4 of the Dungeon.
             The game lasted 00:04:33 (3302 turns).

GigaChad the Chopper (Minotaur Fighter)             Turns: 3302, Time: 00:04:33

HP:   -2/46 (47)    AC:  7    Str: 21    XL:     6   Next: 52%
MP:   5/5           EV:  9    Int:  5    God:    Hepliaklqana [*.....]
Gold: 177           SH:  5    Dex: 11    Spells: 5/5 levels left

rFire   . . .      SeeInvis .   m - +0 war axe (venom)
rCold   . . .      Faith    .   c - +0 buckler
rNeg    . . .      Spirit   .   b - +0 scale mail
rPois   .          Reflect  .   (helmet restricted)
rElec   .          Harm     .   (no cloak)
rCorr   .          Rampage  .   (no gloves)
Will    .....                   (no boots)
Stlth   ..........              (no amulet)
HPRegen 0.15/turn               (no ring)
MPRegen 0.09/turn               (no ring)

@: mighty, lethally poisoned (-2 -> -7), lightly drained
A: reduced essence, horns 2, retaliatory headbutt
a: Renounce Religion, Recall Ancestor, Ancestor Identity


You were on level 4 of the Dungeon.
You worshipped Hepliaklqana.
Hepliaklqana was aware of your devotion.
You visited 2 branches of the dungeon, and saw 5 of its levels.

You collected 177 gold pieces.

Inventory:

Hand Weapons
 a - a +0 war axe
 m - a +0 war axe of venom (weapon)
 p - a +3 short sword of speed
Armour
 b - a +0 scale mail (worn)
 c - a +0 buckler (worn)
Wands
 q - a wand of iceblast (12)
Scrolls
 g - a scroll of brand weapon {unknown}
 h - 2 scrolls of poison
 o - 2 scrolls of identify
 r - a scroll of butterflies
 t - a scroll of vulnerability {unknown}
Potions
 e - a potion of heal wounds {unknown}
 f - a potion of mutation {unknown}
 i - 4 potions of haste {unknown}
 j - 3 potions of degeneration {unknown}
 k - a potion of brilliance {unknown}
 l - 2 potions of curing {unknown}
 n - a potion of ambrosia {unknown}
 s - a potion of magic {unknown}


   Skills:
 + Level 4.6 Fighting
 + Level 5.8 Axes
 + Level 5.2 Armour
 + Level 1.0 Dodging
 + Level 0.4 Stealth
 + Level 4.9 Shields


You had 5 spell levels left.
You didn't know any spells.
Your spell library contained the following spells:

 Spells                   Type           Power      Damage    Failure   Level
 Apportation              Tloc           0%         N/A       87%         1
 Freeze                   Ice            0%         1d3       87%         1
 Necrotise                Necr           0%         1d4       87%         1
 Summon Small Mammal      Summ           0%         N/A       87%         1
 Frozen Ramparts          Ice            0%         1d1       99%         3
 Portal Projectile        Hex/Tloc       0%         N/A       99%         3
 Tukima's Dance           Hex            0%         N/A       99%         3
 Hailstorm                Conj/Ice       0%         3d3       100%        4
 Blade Hands              Tmut           0%         N/A       100%        5


Dungeon Overview and Level Annotations

Branches:
Dungeon (4/15)             Temple (1/1) D:4

Altars:
Ashenzari
Dithmenos
Elyvilon
Fedhas
Gozag
Hepliaklqana
Kikubaaqudgha
Okawaru
Qazlal
Sif Muna
Trog
Uskayaw
Vehumet
Wu Jian
Xom
Yredelemnul
The Shining One

Shops:
D:1 :   D:4 ?


Innate Abilities, Weirdness & Mutations

Your life essence is reduced to manifest your ancestor. (-10% HP)
You have a pair of horns on your head.
You reflexively headbutt those who attack you in melee.


Message History

You feel very sick.
Something hits Thel 'Vadum!
Things that are here:
a +1 dagger of draining; an orc corpse You feel sick.
You feel very mighty all of a sudden.
You feel sick.
The hobgoblin hits Thel 'Vadum.
You swap places.
You feel sick.
The hobgoblin hits you but does no damage.
The gnoll misses you.
Things that are here:
a +1 dagger of draining; an orc corpse You feel sick.
The hobgoblin hits you but does no damage.
The gnoll hits you from afar with a +2 spear of venom.
* * * LOW HITPOINT WARNING * * *
You are lethally poisoned!
Items here: )) ††.
You closely miss the hobgoblin.
The hobgoblin is heavily wounded.
* * * LOW HITPOINT WARNING * * *
You feel very sick.
Thel 'Vadum hits the hobgoblin.
The hobgoblin barely misses you. The gnoll barely misses you.
You slash the hobgoblin!
You kill the hobgoblin!
* * * LOW HITPOINT WARNING * * *
You feel very sick. The gnoll barely misses you.
Thel 'Vadum hits the gnoll.
You swap places.
* * * LOW HITPOINT WARNING * * *
You feel sick. The gnoll completely misses you.
There is an open door here.
You see here a hobgoblin corpse.
You barely miss the gnoll.
The gnoll is moderately wounded.
* * * LOW HITPOINT WARNING * * *
You feel sick.
The gnoll hits you with a +2 spear of venom.
You die...

#..K# #...#
#....####..#...#.#
#._.# #.#R####)##+#
#.######.# #...#
#.#)..'..# #.# #..##
+#### #.#...#..# #.+
#....
.#######.##+##.#####
#.# #..## .........#
#..#...# #.. #..#
....#.##.# #..#...+ #..
#..## ## #.##.##
##.#R).# . ##..#
#.##..# #.#@###....
#... #####.....#
#..g.....# #.##
.....)....####'##..#+##
#.##
########..'.)'..#'##
..# #..#..#..#.. #..#
#..#..####..# #..#
#..#### ### ...# #...
... #####


You could see the friendly Thel 'Vadum the ancestor and a gnoll (ally target).

Vanquished Creatures
  A jelly (D:3)
  An iguana (D:3)
  Terence (D:3)
  3 adders
  3 worms
  A dart slug (D:3)
  7 orcs (D:4)
  3 ball pythons
  3 endoplasms (D:1)
  2 giant cockroaches (D:4)
  11 goblins
  9 hobgoblins
  10 kobolds
  2 quokkas
  A bat (D:3)
  3 frilled lizards
  2 rats (D:1)
63 creatures vanquished.

Vanquished Creatures (collateral kills)
  A black bear (D:4)
  A bullfrog (D:4)
  An orc priest (D:4)
  An adder (D:3)
  An orc (D:4)
  A quokka (D:3)
6 creatures vanquished.

Grand Total: 69 creatures vanquished

Notes
Turn   | Place    | Note
-------+----------+-------------------------------------------
     0 | D:1      | GigaChad the Minotaur Fighter began the quest for the Orb.
     0 | D:1      | Reached XP level 1. HP: 19/19 MP: 0/0
   162 | D:1      | Reached XP level 2. HP: 21/27 MP: 1/1
   296 | D:1      | Found Hicwataj's Vocational Training.
   352 | D:1      | Found a faded altar of an unknown god.
   872 | D:2      | Reached XP level 3. HP: 27/33 MP: 2/2
   926 | D:2      | Found a hazy altar of Hepliaklqana.
   937 | D:2      | Became a worshipper of Hepliaklqana the Forgotten
  1412 | D:3      | Found a broken altar of Ashenzari.
  1450 | D:3      | Reached XP level 4. HP: 30/40 MP: 3/3
  1580 | D:3      | Noticed Terence
  1603 | D:3      | Killed Terence
  1906 | D:3      | Reached XP level 5. HP: 31/46 MP: 4/4
  2089 | D:3      | Reached * piety under Hepliaklqana
  2542 | D:4      | Found Lianuguj's Magic Scroll Shop.
  2573 | D:4      | Found a staircase to the Ecumenical Temple.
  2577 | D:4      | Noticed a black bear
  2582 | D:4      | Killed a black bear
  2583 | D:4      | Reached skill level 5 in Axes
  2583 | D:4      | Reached skill level 5 in Armour
  2583 | D:4      | Reached XP level 6. HP: 47/47 MP: 5/5
  2589 | Temple   | Entered the Ecumenical Temple
  2966 | D:4      | Reached skill level 1 in Dodging
  3107 | D:4      | Found a stormy altar of Qazlal.
  3108 | D:4      | Found a radiant altar of Vehumet.
  3302 | D:4      | HP: 1/46 [poisoned by a gnoll]
  3302 | D:4      | Slain by a gnoll

Illustrated notes

Levels and vault maps discovered:
D:1:      saegor_arrival_simple_a, layout_rooms,
          hellmonk_ecumenical_altar_lost_god, nicolae_shop_vocational
D:2:      layout_loops_ring, basic_altar
D:3:      layout_loops_ring, evilmike_ruin_ashenzari, st_stairs_13,
          serial_park_tiny_2, uniq_terence
D:4:      corexii_shantytown, layout_loops_ring,
          mainiacjoe_overflow_divided_tiny, temple_fountains,
          dreamdust_princess_bridge, nicolae_stop_n_shop_2, chequers_avenue
Temple:   nicolae_temple_figure_eight

Skill      XL: |  1  2  3  4  5  6 |
---------------+-------------------+-----
Armour         | 4 5 |  5.2
Shields        | 4 |  4.9
Fighting       | 4 |  4.6
Axes           | 3 5 |  5.8
Dodging        | 1 |  1.0
Stealth        | |  0.4

Action                   |  1- 3 |  4- 6 || total
-------------------------+-------+-------++-------
Melee: War axe           |    60 |    67 ||   127
       Headbutt          |     9 |     7 ||    16
Invok: Ancestor Identity |       |     1 ||     1
  Use: Scroll            |     4 |     1 ||     5
       Potion            |       |     1 ||     1
Armor: Scale mail        |    29 |    36 ||    65
Dodge: Dodged            |    27 |    36 ||    63
Block: Buckler           |    12 |    19 ||    31
